Map: Abyssal Reef LE

Players

uThermal - Winner!

  • Race: Terran Terran
  • Spawn Location: 5:00

TestingThree (Legho)

  • Race: Zerg Zerg
  • Spawn Location: 11:00

Event: IEM XI Katowice - World Championship 2017

VOD

Have the link to the VOD?

Description

Time

  • Played on: Feb. 27, 2017, 8:16 a.m.
  • Length: 4:24

All games in this series

Show
View Real Time Build Order
Export as new Build Order

uThermal Terran - Winner!

Build Orders: Reaper Expand 

Get SALT Encoding   

  12  0:01  SCV  
  13  0:14  SCV  
  14  0:17  Supply Depot  
  14  0:26  SCV  
  15  0:39  SCV  
  15  0:40  Barracks  
  16  0:44  Refinery  
  16  0:51  SCV  
  17  1:03  SCV  
  18  1:15  SCV  
  19  1:28  Reaper, Orbital Command  
  20  1:41  Command Center  
  20  1:52  Barracks  
  20  1:55  SCV  
  20  2:00  Barracks Reactor  
  21  2:07  SCV  
  22  2:10  Supply Depot  
  22  2:19  SCV  
  22  2:20  Refinery  
  23  2:32  SCV  
  23  2:34  Bunker  
  23  2:36  Marine x2  
  26  2:40  Barracks Tech Lab  
  26  2:43  Factory  
  26  2:49  Bunker  
  26  2:53  Marine  
  26  2:54  Marine  
  27  3:08  Marine  
  27  3:11  Marine  
  29  3:13  Marine  
  30  3:26  Marine  
  31  3:27  Factory Tech Lab  
  31  3:29  Marine  
  31  3:31  Marine  
  32  3:46  Siege Tank  
  32  3:47  Marine  
  36  3:50  Marine  
  37  4:13  Supply Depot  
Show
View Real Time Build Order
Export as new Build Order

TestingThree Zerg 

Build Orders: Pool Only, Ravager All-In 

Get SALT Encoding   

  12  0:01  Drone  
  13  0:22  Spawning Pool  
  13  0:26  Drone  
  13  0:30  Drone  
  14  0:37  Extractor, Drone  
  14  0:46  Overlord  
  14  0:54  Extractor, Drone  
  14  1:17  Roach Warren  
  14  1:18  Zergling x2, Drone  
  15  1:36  Overlord  
  15  1:56  Roach x2  
  15  1:57  Roach  
  21  2:11  Roach  
  22  2:17  Ravager  
  22  2:18  Ravager  
  24  2:24  Roach  
  26  2:30  Roach  
  28  2:43  Overlord  
  28  2:48  Ravager  
  29  3:00  Ravager  
  29  3:08  Roach x2  
  33  3:19  Roach  
  28  3:45  Ravager  

Tags
 
Add a new tag
Caveats
  • Supply blocks, unpowered buildings, or Contaminate may cause inaccurate times.
  • Supply counts are checked every 10 seconds.